 Dungeon Crawl Stone Soup version 0.32-a0-38-gb04dd89b9b (webtiles) character file.

Game seed: 8018629954138488058

165 seren the Trooper (level 5, -3/57 HPs)
             Began as an Oni Berserker on Jan 23, 2024.
             Was a Believer of Trog.
             Slain by an orc
             ... wielding a +2 heavy hand axe
              (11 damage)
             ... on level 3 of the Dungeon.
             The game lasted 00:04:04 (2611 turns).

seren the Trooper (Oni Berserker)                   Turns: 2611, Time: 00:04:05

Health: -3/57      AC:  3    Str: 23    XL:     5   Next: 46%
Magic:  5/5        EV: 10    Int:  8    God:    Trog [**....]
Gold:   120        SH:  0    Dex:  8    Spells: 4/4 levels left

rFire   . . .        a - +0 mace
rCold   . . .        (no shield)
rNeg    . . .        b - +0 animal skin
rPois   .            (helmet restricted)
rElec   .            (no cloak)
rCorr   .            (gloves unavailable)
SInv    .            (boots unavailable)
Will    .....        (no amulet)
Stlth   +            (no ring)
HPRegen 0.29/turn    (no ring)
MPRegen 0.09/turn

%: no passive effects
@: brilliant
A: large, unfitting armour, horns 1, tough skin 1, double potion healing,
drunken brawling
a: Renounce Religion, Berserk, Trog's Hand


You were on level 3 of the Dungeon.
You worshipped Trog.
Trog was pleased with you.
You visited 1 branch of the dungeon, and saw 3 of its levels.

You collected 120 gold pieces.

Inventory:

Hand Weapons
 a - a +0 mace (weapon)
Missiles
 h - 6 javelins (quivered)
Armour
 b - a +0 animal skin (worn)
Scrolls
 d - 4 scrolls of identify {unknown}
 f - a scroll of amnesia {unknown}
 i - a scroll of fear {unknown}
 j - a scroll of poison {unknown}
 k - a scroll of teleportation {unknown}
Potions
 c - a potion of brilliance
 e - a potion of haste {unknown}
 g - a potion of invisibility {unknown}
 l - a potion of curing {unknown}


   Skills:
 + Level 5.3 Fighting
 * Level 4.3 Maces & Flails
 + Level 1.0 Armour
 + Level 3.6 Dodging


You had 4 spell levels left.
You didn't know any spells.
Your spell library was empty.

Dungeon Overview and Level Annotations

Branches:
Dungeon (3/15)

Altars:
Gozag
Sif Muna


Innate Abilities, Weirdness & Mutations

You are too large for most types of armour.
You have a pair of small horns on your head.
You have tough skin. (AC +1)
You gain doubled healing and magic from potions.
Whenever you drink a healing potion, you attack all around you.


Message History

Things that are here:
3 stones; a frilled lizard corpse
Things that are here:
14 gold pieces; a +0 dagger; a +0 scale mail
Okay, then.
The orc shouts!
You hear a shout! x2
The orc closely misses you.
You hit the orc. You headbutt the orc.
You kill the orc!
Trog accepts your kill.
An orc comes into view. It is wielding a +2 heavy hand axe.
An orc priest comes into view. It is wielding a +0 club.
An orc comes into view. It is wielding a +0 short sword.
The orc priest moves out of view.
You see here a +0 mace.
You hit the orc.
The orc is moderately wounded.
The orc priest mumbles some strange prayers to Beogh against you.
Pain shoots through your body!
* * * LOW HITPOINT WARNING * * *
The orc barely misses you.
You are too injured to fight recklessly!
The orc attacks as it pursues you!
The orc hits you with a +2 heavy hand axe.
* * * LOW HITPOINT WARNING * * *
You see here a +0 mace.
The orc priest begins to cast a cantrip, but forgets the words!
The orc priest looks satisfied for a moment.
The orc priest casts a cantrip, but nothing happens.
The orc priest calls upon Beogh to heal the orc.
The orc's wounds heal themselves!
The orc priest mumbles some strange prayers to Beogh against you.
Beogh smites you!
* * * LOW HITPOINT WARNING * * *
You see here 2 stones.
It was a potion of brilliance.
You feel clever all of a sudden. The orc attacks as it pursues you!
The orc hits you with a +2 heavy hand axe!
You die...

#.##)#. #o...#
#.##.#.##....#
#.##.#..#o...#
#.##.##.#....#
#.##.##.#o†).#
#.##.##.#(†..#
#.##.#....)..#
#.##.#.o#....#
######.##.#.@#.......
#<.)...##.#..#.........
#########.#..#......###
#.#..#......#
#####.#..#......#
#.....#.[#......#
#.#####..# #.# #..#
#.#####..#...


You could see 2 orcs.

Vanquished Creatures
  An orc wizard (D:3)
  Robin (D:2)
  4 adders
  A dart slug (D:2)
  5 orcs
  11 endoplasms
  5 giant cockroaches
  13 goblins
  12 hobgoblins
  2 quokkas (D:2)
  4 ball pythons
  5 bats
  5 frilled lizards
  6 kobolds
  5 rats
80 creatures vanquished.

Notes
Turn   | Place    | Note
-------+----------+-------------------------------------------
     0 | D:1      | seren the Oni Berserker began the quest for the Orb.
     0 | D:1      | Reached XP level 1. HP: 24/24 MP: 1/1
   142 | D:1      | Found a faded altar of an unknown god.
   226 | D:1      | Reached XP level 2. HP: 32/32 MP: 2/2
   827 | D:1      | Reached XP level 3. HP: 40/40 MP: 3/3
   950 | D:1      | Reached ** piety under Trog
  1051 | D:1      | Found a shimmering blue altar of Sif Muna.
  1180 | D:2      | Noticed Robin
  1197 | D:2      | Killed Robin
  1531 | D:2      | Reached XP level 4. HP: 46/49 MP: 4/4
  1533 | D:2      | Reached skill level 5 in Fighting
  1808 | D:2      | Found an opulent altar of Gozag.
  2348 | D:3      | Reached XP level 5. HP: 42/57 MP: 5/5
  2559 | D:3      | Reached *** piety under Trog
  2560 | D:3      | Reached skill level 1 in Armour
  2611 | D:3      | Slain by an orc

Illustrated notes

Levels and vault maps discovered:
D:1:      dpeg_arrival_lava_altar, layout_basic, ebering_ecumenical_altar_rust,
          minmay_pentomino_q4
D:2:      layout_basic, basic_altar, minmay_divided_ellipse, uniq_robin
D:3:      layout_basic, serial_corexii_hall, corexii_hall_statues_deadend,
          chequers_hall_statues_wall_a

Skill      XL: |  1  2  3  4  5 |
---------------+----------------+-----
Dodging        | 3 |  3.6
Fighting       | 5 |  5.3
Maces & Flails | 4 |  4.3
Armour         | 1 |  1.0

Action                     |  1- 3 |  4- 6 || total
---------------------------+-------+-------++-------
  Melee: Mace              |    90 |   134 ||   224
         Headbutt          |    10 |     9 ||    19
         Punch             |     1 |       ||     1
  Throw: Javelin           |       |     2 ||     2
 Invoke: Berserk           |       |     2 ||     2
         Trog's Hand       |       |     1 ||     1
    Use: Potion            |       |     1 ||     1
 Armour: Animal skin       |    57 |   109 ||   166
  Dodge: Dodged            |    50 |    93 ||   143

Table legend: (Time is in decaauts)
 A = Elapsed time spent in this place.
 B = Non-inter-level travel time spent in this place.
 C = Inter-level travel time spent in this place.
 D = Time resting spent in this place.
 E = Time spent auto-exploring this place.
 F = Levels seen in this place.
 G = Mean time per level.
                   A        B        C        D        E       F      G
               +--------+--------+--------+--------+--------+-----+--------+
         Total |   2675 |   2567 |    108 |    242 |   1705 |   3 |  891.7 |
       Dungeon |   2675 |   2567 |    108 |    242 |   1705 |   3 |  891.7 |
               +--------+--------+--------+--------+--------+-----+--------+

Top non-repeatable levels by time:
     D:1: 1211 daAuts
     D:2: 1122 daAuts
     D:3: 342 daAuts
